 Dungeon Crawl Stone Soup version 0.24-a0-545-gd1b266bae6 (webtiles) character file.

Game seed: 8954672532601824830

27 Jannitor the Ducker (level 2, -7/16 HPs)
             Began as a Spriggan Abyssal Knight on Aug 18, 2019.
             Was a Follower of Lugonu.
             Mangled by a sixfirhy (10 damage)
             ... on level 2 of the Abyss.
             The game lasted 00:01:15 (167 turns).

Jannitor the Ducker (Spriggan Abyssal Knight)        Turns: 167, Time: 00:01:15

Health: -7/16      AC:  2    Str:  8    XL:     2   Next: 93%
Magic:  4/4        EV: 19    Int: 13    God:    Lugonu [*.....]
Gold:   0          SH:  0    Dex: 15    Spells: 1/1 levels left

rFire    . . .     SeeInvis +   a - +1 short sword
rCold    . . .     Gourm    .   (shield restricted)
rNeg     . . .     Faith    .   b - +0 robe
rPois    .         Spirit   .   (helmet restricted)
rElec    .         Reflect  .   (no cloak)
rCorr    .         Harm     .   (gloves unavailable)
MR       .....                  (boots unavailable)
Stlth    +.........             (no amulet)
HPRegen  0.00/turn              (no ring)
MPRegen  0.09/turn              (no ring)

@: non-regenerating, diseased, very quick
A: very small, unfitting armour, see invisible, herbivore, speed 3, slow
metabolism 2
a: Depart the Abyss, Renounce Religion


You were on level 2 of the Abyss.
You worshipped Lugonu.
Lugonu was aware of your devotion.
You were not hungry.

You visited 0 branches of the dungeon, and saw 0 of its levels.
You visited the Abyss 1 time.

Inventory:

Hand Weapons
 a - a +1 short sword (weapon)
Armour
 b - a +0 robe (worn)
Wands
 d - a wand of flame (19)
Scrolls
 e - a scroll of blinking {unknown}
Miscellaneous
 g - a sack of spiders
Comestibles
 c - a ration


   Skills:
 + Level 2.7 Fighting
 + Level 2.6 Short Blades
 + Level 4.1 Dodging
 + Level 0.0 Stealth
 - Level 2.2 Invocations


You had one spell level left.
You didn't know any spells.
Your spell library was empty.

Dungeon Overview and Level Annotations

Branches:
Dungeon (0/15)

Altars:


Innate Abilities, Weirdness & Mutations

You are very small and have problems with some larger weapons.
You are too small for most types of armour.
You have supernaturally acute eyesight. (SInv)
You are a herbivore.
You cover ground extremely quickly.
You need to consume almost no food.


Message History

Press: ? - help, Shift-Dir - straight line The mass of ice explodes!
The iceblast engulfs the iron imp.
The iron imp partially resists.
You kill the iron imp!
Your Dodging skill increases to level 4!
Your Invocations skill increases to level 2!
You have reached level 2!
The now-empty wand crumbles to dust.
The substance of the Abyss twists violently, and a gateway leading out appears!
Something shouts, "Return whence thou came, thou mewling spleeny quarter-pint!"
Unknown command.
A wraith comes into view.
A wretched star comes into view.
A sixfirhy comes into view.
The sixfirhy hits you!
Ouch! That really hurt!
* * * LOW HITPOINT WARNING * * *
The sixfirhy shocks you!
Ouch! That really hurt!
You die...

#. #.# ## ...
...###..
#.#..#.##
#......#
#..##..###
#..##@..# ##
#...#3..# .
##.###...# #
##.###.#..#
#...#....##.#
#..#.#
.###.... #
..#
#.##..##.#
.#. #..#....#
.. #
#.*.....##


You could see a sixfirhy.

Vanquished Creatures
  An iron imp (Abyss:2)
1 creature vanquished.

Notes
Turn   | Place    | Note
-------+----------+-------------------------------------------
     0 | Abyss:1  | Jannitor the Spriggan Abyssal Knight began the quest for
                  | the Orb.
     0 | Abyss:1  | Reached XP level 1. HP: 11/11 MP: 3/3
     4 | Abyss:1  | Found a corrupted altar of Lugonu.
    59 | Abyss:2  | Noticed an iron imp
    69 | Abyss:2  | Noticed a rakshasa
    80 | Abyss:2  | Noticed an ancient zyme
    93 | Abyss:2  | Noticed a glowing orange brain
    98 | Abyss:2  | Noticed a large abomination
   118 | Abyss:2  | Noticed a large abomination
   148 | Abyss:2  | Found a corrupted altar of Lugonu.
   149 | Abyss:2  | Noticed an iron imp
   156 | Abyss:2  | Killed an iron imp
   156 | Abyss:2  | Reached skill level 4 in Dodging
   156 | Abyss:2  | Reached XP level 2. HP: 16/16 MP: 4/4
   157 | Abyss:2  | Noticed a wraith
   158 | Abyss:2  | Noticed a wretched star
   162 | Abyss:2  | Noticed a sixfirhy
   167 | Abyss:2  | Mangled by a sixfirhy

Levels and vault maps discovered:
Abyss:2

Skill      XL: |  1 |
---------------+----+-----
Dodging        | 4 |  4.1
Invocations    | 2 |  2.2
Fighting       | |  2.7
Short Blades   | |  2.6

Action                   || total
-------------------------++-------
Evoke: Wand              ||     4

Table legend:
 A = Non-vault XP
 B = Vault XP
 C = Vault XP percentage of total XP
 D = Non-vault monster count
 E = Vault monster count
 F = Vault count percentage of total count
                 A         B        C        D         E       F
            +---------+---------+-------+---------+---------+-------
      Total |      39 |       0 |   0.0 |       1 |       0 |   0.0
            +---------+---------+-------+---------+---------+-------
    Abyss:2 |      39 |       0 |   0.0 |       1 |       0 |   0.0
            +---------+---------+-------+---------+---------+-------
